[Event "Titled Tuesday Blitz August 08 Early 2023"]
[White "Hrbek, Stepan"]
[Black "Nikulina, Alena"]
[WhiteFideId "393479"]
[BlackFideId "4172051"]
[WhiteElo "2424"]
[BlackElo "2057"]
[Result "1-0"]
[Round "2"]
[TimeControl "180+1"]
[Date "2023.08.08"]
[WhiteClock "0:00:02"]
[BlackClock "0:00:00"]
[Board "271"]

1. d4 d5 2. Nf3 Nf6 3. Bf4 c5 4. e3 e6 5. Nbd2 Bd6 6. Bxd6 Qxd6 7. dxc5 Qxc5 8. c4 O-O 9. Rc1 Nc6 10. cxd5 Qxd5 11. Bc4 Qh5 12. O-O Ng4 13. Be2 Qg6 14. h3 Nge5 15. Nxe5 Nxe5 16. Nf3 Nxf3+ 17. Bxf3 e5 18. Qd5 Bxh3 19. Qxe5 Rfe8 20. Qf4 Be6 21. Bxb7 Rab8 22. Rc7 Bxa2 23. Rfc1 Rxb7 24. Qa4 Rbb8 25. Qxa2 Qf6 26. R1c2 h6 27. Qxa7 Rxb2 28. Rxb2 Qxb2 29. Rxf7 Qb1+ 30. Kh2 Qb2 31. Qd7 Qe5+ 32. Kg1 Ra8 33. g3 Ra1+ 34. Kg2 Ra2 35. Rf3 Ra8 36. Qd3 Re8 37. Qf5 Qe7 38. Qd5+ Kh8 39. Rf4 Rd8 40. Qf7 Qd6 41. Qf5 Qc6+ 42. Re4 Qd6 43. Rf4 Qc6+ 44. Qe4 Qd7 45. Qe5 Re8 46. Rd4 Qc6+ 47. Qd5 Qf6 48. Qf3 Qe6 49. Rf4 1-0


[Site "https://www.chess.com"]

[Event "Titled Tuesday Blitz August 08 Early 2023"]
[White "Osiecki, Stanislaw"]
[Black "Swicarz, Maciej"]
[WhiteFideId "1102990"]
[BlackFideId "1113585"]
[WhiteElo "2010"]
[BlackElo "2422"]
[Result "0-1"]
[Round "2"]
[TimeControl "180+1"]
[Date "2023.08.08"]
[WhiteClock "0:00:00"]
[BlackClock "0:00:54"]
[Board "272"]

1. e4 c5 2. c3 Nf6 3. e5 Nd5 4. d4 cxd4 5. Nf3 d6 6. cxd4 Nc6 7. Bc4 Nb6 8. Bb5 dxe5 9. Nxe5 Bd7 10. Nxd7 Qxd7 11. O-O e6 12. Nc3 Rd8 13. Be3 Be7 14. Qg4 O-O 15. Rad1 Rfe8 16. h4 Nd5 17. Nxd5 Qxd5 18. Bxc6 Qxc6 19. h5 Bf8 20. h6 g6 21. Bg5 Rd5 22. Rc1 Qd7 23. Be3 Rh5 24. Qg3 Bd6 25. f4 Rxh6 26. Qf3 Rh5 27. Rfd1 Rd5 28. Rc2 Rc8 29. Rdc1 Rxc2 30. Rxc2 Bf8 31. Qe4 Bg7 32. Rd2 h5 33. b3 Qb5 34. Rc2 Qd7 35. Rd2 Bf6 36. Kh1 Kg7 37. Rd3 a6 38. Rd2 Ra5 39. a4 Rd5 40. Rd3 Qc6 41. Kh2 Qc2 42. Bg1 Qc6 43. Be3 Qd6 44. Kh1 Kg8 45. Kg1 Bg7 46. Kf2 Bh6 47. Kf3 Rf5 48. g3 Qd5 49. Qxd5 Rxd5 50. Rc3 Rd7 51. Rc8+ Kh7 52. Ke4 Bg7 53. Rc4 Bf6 54. Rc8 Kg7 55. Rc4 Be7 56. Rc8 Ba3 57. Rc2 Bb4 58. Rc4 Be1 59. Kf3 f6 60. Rc1 Bb4 61. Rc4 Bd6 62. Rc1 Rc7 63. Rxc7+ Bxc7 64. Ke4 Kf7 65. d5 f5+ 66. Kd3 exd5 67. Bc5 Ke6 68. Kd4 h4 69. gxh4 Bxf4 70. Bf8 Bg3 71. Kc3 Bxh4 72. Kb4 Bd8 73. Kc5 g5 0-1


[Site "https://www.chess.com"]

[Event "Titled Tuesday Blitz August 08 Early 2023"]
[White "Toktomushev, Teimur"]
[Black "Wisniowski, Natalie"]
[WhiteFideId "14176726"]
[BlackFideId "30929261"]
[WhiteElo "2421"]
[BlackElo "2004"]
[Result "1-0"]
[Round "2"]
[TimeControl "180+1"]
[Date "2023.08.08"]
[WhiteClock "0:00:04"]
[BlackClock "0:00:00"]
[Board "273"]

1. d4 Nf6 2. c4 e6 3. Nf3 b6 4. g3 Bb7 5. Bg2 Be7 6. O-O O-O 7. Re1 d6 8. Nc3 Ne4 9. Qc2 Nxc3 10. Ng5 Bxg5 11. Bxb7 Bxc1 12. Qxc1 Nxe2+ 13. Rxe2 Nd7 14. Bxa8 Qxa8 15. Qd2 Nf6 16. Qd3 c5 17. dxc5 dxc5 18. Rd1 h6 19. Re3 Qc6 20. b3 Nh7 21. Qd7 Qa8 22. h4 Nf6 23. Qd6 Ng4 24. Red3 Nf6 25. Qe7 Ne4 26. Rd8 1-0


[Site "https://www.chess.com"]

[Event "Titled Tuesday Blitz August 08 Early 2023"]
[White "Tharushi, T H D Niklesha"]
[Black "Rom, Jasper"]
[WhiteFideId "9918264"]
[BlackFideId "2023733"]
[WhiteElo "1999"]
[BlackElo "2421"]
[Result "0-1"]
[Round "2"]
[TimeControl "180+1"]
[Date "2023.08.08"]
[WhiteClock "0:00:00"]
[BlackClock "0:00:06"]
[Board "274"]

1. d4 d5 2. c4 e6 3. Nc3 c6 4. e4 dxe4 5. Nxe4 Bb4+ 6. Nc3 Nf6 7. Bg5 h6 8. Bh4 Qa5 9. Qc2 c5 10. Bxf6 gxf6 11. d5 Bxc3+ 12. bxc3 Nd7 13. Nf3 Nb6 14. Bd3 exd5 15. cxd5 Nxd5 16. Rc1 Be6 17. O-O Rg8 18. Bf5 O-O-O 19. Rfe1 Rd6 20. Bxe6+ fxe6 21. c4 Nf4 22. g3 Nd3 23. Red1 Rgd8 24. Rb1 Nb4 25. Qe2 Qxa2 26. Qxa2 Nxa2 27. Rxd6 Rxd6 28. Ra1 Nb4 29. Rxa7 Ra6 30. Rxa6 bxa6 31. Nd2 Kc7 32. Kg2 a5 33. Nb3 Kb6 34. Nd2 a4 35. Nb1 a3 36. Nxa3 Nd3 37. Kf3 Ka5 38. Ke3 Nb2 39. Kd2 Kb4 40. Nb5 Nxc4+ 41. Kd3 Kxb5 0-1


[Site "https://www.chess.com"]

[Event "Titled Tuesday Blitz August 08 Early 2023"]
[White "Rangel, Daniel"]
[Black "Saim, Mohamed Ilias"]
[WhiteFideId "2124475"]
[BlackFideId "7900465"]
[WhiteElo "2420"]
[BlackElo "1980"]
[Result "1-0"]
[Round "2"]
[TimeControl "180+1"]
[Date "2023.08.08"]
[WhiteClock "0:01:32"]
[BlackClock "0:00:00"]
[Board "275"]

1. d4 Nf6 2. c4 e6 3. Nc3 Bb4 4. e3 b6 5. Bd2 Bb7 6. f3 d5 7. cxd5 exd5 8. Bd3 O-O 9. Nge2 Re8 10. Qc2 Nc6 11. g4 h6 12. h4 Bd6 13. g5 Nb4 14. Qb1 Nxd3+ 15. Qxd3 Nh5 16. gxh6 a5 17. hxg7 Ba6 18. Qf5 Nxg7 19. Qg4 Bc8 20. Qg2 Qf6 21. Nxd5 Qe6 22. Nef4 Qh6 23. O-O-O Be6 24. e4 c6 25. Nxe6 Qxe6 26. Rdg1 Bf8 27. Nf4 Qxa2 28. Nh5 Qa1+ 29. Kc2 Qa4+ 30. Kb1 Qxd4 31. Nxg7 Bxg7 32. Bc3 Qd3+ 33. Ka1 1-0


[Site "https://www.chess.com"]

[Event "Titled Tuesday Blitz August 08 Early 2023"]
[White "Verony64"]
[Black "Bogaudinov, Rushan"]
[BlackFideId "4129288"]
[WhiteElo "1973"]
[BlackElo "2417"]
[Result "0-1"]
[Round "2"]
[TimeControl "180+1"]
[Date "2023.08.08"]
[WhiteClock "0:00:40"]
[BlackClock "0:00:32"]
[Board "276"]

1. e4 d6 2. d4 Nf6 3. Nc3 a6 4. h3 b5 5. a3 Bb7 6. Qd3 e6 7. g3 c5 8. Bg2 cxd4 9. Qxd4 Nc6 10. Qd1 Qc7 11. Nge2 Be7 12. O-O O-O 13. Be3 Ne5 14. f4 Nc4 15. Bc1 d5 16. e5 Nd7 17. Kh2 Rac8 18. b3 Ncb6 19. Be3 f6 20. exf6 Bxf6 21. Bd4 Nc5 22. Bxf6 gxf6 23. Nd4 Rce8 24. Qg4+ Kh8 25. f5 e5 26. Nde2 Rg8 27. Qh4 Qf7 28. Rad1 Rd8 29. Bf3 d4 30. Ne4 Nxe4 31. Bxe4 Bxe4 32. Qxe4 Nd5 33. Rg1 Rc8 34. Rd2 Nc3 35. Nxc3 Rxc3 36. Rgg2 Qg7 37. Rd3 Rc7 38. g4 Qg5 39. Rf3 Rgc8 40. Qe1 Rxc2 41. h4 Rxg2+ 42. Kxg2 Qxg4+ 43. Rg3 Rc2+ 44. Kg1 Qxf5 45. a4 Qf4 46. axb5 Rc1 0-1


[Site "https://www.chess.com"]

[Event "Titled Tuesday Blitz August 08 Early 2023"]
[White "Khromkin, Andrey"]
[Black "Castillo Pena, Patricia Evarista"]
[WhiteFideId "4154126"]
[BlackFideId "6412106"]
[WhiteElo "2415"]
[BlackElo "1940"]
[Result "1-0"]
[Round "2"]
[TimeControl "180+1"]
[Date "2023.08.08"]
[WhiteClock "0:01:24"]
[BlackClock "0:00:15"]
[Board "277"]

1. d4 d5 2. c4 c6 3. Nf3 Nf6 4. Nc3 e6 5. Bg5 Be7 6. e3 Nbd7 7. Qc2 O-O 8. cxd5 exd5 9. Bd3 h6 10. Bf4 Re8 11. g4 Nf8 12. h3 Bb4 13. O-O-O Qa5 14. Kb1 Bxc3 15. Qxc3 Qxc3 16. bxc3 Ne4 17. Bxe4 dxe4 18. Ne5 Ne6 19. Bg3 Ng5 20. h4 Nf3 21. Nxf3 exf3 22. g5 hxg5 23. hxg5 Bf5+ 24. Kb2 Rad8 25. Rh2 c5 26. Rdh1 Kf8 27. dxc5 Rd2+ 28. Kc1 Red8 29. Bd6+ R8xd6 30. cxd6 Rxd6 31. Rh8+ Ke7 32. Rb8 Rb6 33. e4 Bxe4 34. Re1 Rb1+ 35. Kd2 Rxe1 36. Kxe1 f5 37. gxf6+ gxf6 38. Kd2 f5 39. Ke3 Kd6 40. Kd4 Kc6 41. Re8 a5 42. Rxe4 fxe4 43. Kxe4 Kc5 44. Kxf3 Kc4 45. Ke4 Kxc3 46. f4 Kb2 47. f5 Kxa2 48. f6 a4 49. f7 a3 50. f8=Q Ka1 51. Qxa3+ 1-0


[Site "https://www.chess.com"]

[Event "Titled Tuesday Blitz August 08 Early 2023"]
[White "abelmat"]
[Black "Cheer_Down"]
[WhiteElo "1921"]
[BlackElo "2413"]
[Result "0-1"]
[Round "2"]
[TimeControl "180+1"]
[Date "2023.08.08"]
[WhiteClock "0:00:00"]
[BlackClock "0:01:17"]
[Board "278"]

1. d4 Nf6 2. c4 g6 3. Nc3 d5 4. g3 Bg7 5. Bg2 dxc4 6. Qa4+ Nc6 7. Nf3 O-O 8. Qxc4 e5 9. dxe5 Ng4 10. O-O Ngxe5 11. Nxe5 Nxe5 12. Qb3 c6 13. Bf4 Qb6 14. Rfd1 Be6 15. Qc2 Nc4 16. Rab1 Rad8 17. Rxd8 Rxd8 18. Rd1 Rxd1+ 19. Nxd1 Nxb2 20. Be3 Qb4 21. Nxb2 Qxb2 22. Qd1 Qa1 23. Qxa1 Bxa1 24. a4 a5 25. Be4 Bc3 26. Kf1 Bb3 27. Bb6 Bxa4 28. h4 h5 29. Bd3 Bb5 30. Bc2 Bb4 31. Bd4 a4 32. Bb2 a3 33. Ba1 Bc4 34. Bb1 b5 35. f3 c5 36. g4 Bd2 37. gxh5 gxh5 38. Kf2 b4 39. e4 Bc3 40. Bxc3 bxc3 41. f4 c2 0-1


[Site "https://www.chess.com"]

[Event "Titled Tuesday Blitz August 08 Early 2023"]
[White "Avazkhonov, Alikhon"]
[Black "sasvathaa"]
[WhiteFideId "14208504"]
[WhiteElo "2412"]
[BlackElo "1906"]
[Result "1-0"]
[Round "2"]
[TimeControl "180+1"]
[Date "2023.08.08"]
[WhiteClock "0:00:12"]
[BlackClock "0:00:10"]
[Board "279"]

1. d4 Nf6 2. c4 e6 3. Nc3 Bb4 4. e3 c5 5. Bd3 Nc6 6. Ne2 cxd4 7. exd4 Qb6 8. Be3 d5 9. c5 Qc7 10. a3 Bxc3+ 11. Nxc3 a6 12. O-O O-O 13. b4 h5 14. g3 Ng4 15. Bf4 Qd7 16. Bc2 Qe7 17. Bd6 Qf6 18. Qd3 g6 19. Bxf8 Kxf8 20. Ne2 h4 21. h3 Nh6 22. g4 e5 23. f4 e4 24. Qe3 Bxg4 25. hxg4 Nxg4 26. Qc3 Kg7 27. Kg2 Rh8 28. Rh1 Ne7 29. Rh3 Nf5 30. Rah1 g5 31. Qd2 gxf4 32. Qxf4 Qg6 33. Kf1 Rh5 34. Rg1 Nfe3+ 35. Rxe3 Rf5 36. Rf3 Rxf4 37. Rxf4 f5 38. Ke1 h3 39. Ng3 h2 40. Nxf5+ Qxf5 41. Rgxg4+ Kh6 42. Rh4+ Kg5 43. Rxf5+ Kxh4 44. Rf1 Kg3 45. Bb3 Kg2 46. Bxd5 h1=Q 47. Bxe4+ Kh2 48. Bxh1 Kg3 49. d5 Kg4 50. d6 Kg5 51. d7 Kg6 52. d8=Q Kg7 53. Qg5+ Kh7 54. Rf7+ Kh8 55. Qg7# 1-0


[Site "https://www.chess.com"]

[Event "Titled Tuesday Blitz August 08 Early 2023"]
[White "Skiadopoulos, Nikolaos"]
[Black "Molina Carretero, Daniel"]
[WhiteFideId "4200772"]
[BlackFideId "32071914"]
[WhiteElo "1880"]
[BlackElo "2412"]
[Result "0-1"]
[Round "2"]
[TimeControl "180+1"]
[Date "2023.08.08"]
[WhiteClock "0:00:00"]
[BlackClock "0:01:20"]
[Board "280"]

1. b4 Nf6 2. Bb2 d5 3. e3 e6 4. a3 Be7 5. c4 O-O 6. Nf3 a5 7. b5 c6 8. a4 Nbd7 9. Be2 Nb6 10. Na3 Re8 11. bxc6 bxc6 12. cxd5 exd5 13. O-O Bd6 14. Qc2 Bd7 15. d4 Ne4 16. g3 f6 17. Bd3 Rc8 18. Rab1 Bh3 19. Rfc1 Qe7 20. Bxe4 dxe4 21. Nd2 Nd5 22. Nac4 Bc7 23. Ba3 Qe6 24. Rb7 h5 25. Qd1 Bg4 26. Qf1 h4 27. Rcb1 Bh3 28. Qd1 Nc3 29. Qh5 Nxb1 30. Rxb1 hxg3 31. hxg3 Bg4 32. Qg6 Qf5 33. Qxf5 Bxf5 0-1


[Site "https://www.chess.com"]

[Event "Titled Tuesday Blitz August 08 Early 2023"]
[White "cthake"]
[Black "Kashefi, Amir Hosein"]
[BlackFideId "12557935"]
[WhiteElo "1828"]
[BlackElo "2412"]
[Result "0-1"]
[Round "2"]
[TimeControl "180+1"]
[Date "2023.08.08"]
[WhiteClock "0:01:25"]
[BlackClock "0:01:20"]
[Board "281"]

1. e4 c6 2. d4 d5 3. exd5 cxd5 4. c4 e6 5. Nc3 Nf6 6. Bg5 Bb4 7. cxd5 Qxd5 8. Bxf6 gxf6 9. Nf3 Nc6 10. a3 Bxc3+ 11. bxc3 Rg8 12. Rb1 Qe4+ 13. Be2 Rxg2 14. Kf1 Rg8 15. Bd3 Qd5 16. Bxh7 Rh8 17. Bd3 e5 18. c4 Bh3+ 19. Ke1 Qa5+ 20. Ke2 Bg4 21. Rxb7 Nxd4+ 22. Ke3 Bxf3 0-1


[Site "https://www.chess.com"]

[Event "Titled Tuesday Blitz August 08 Early 2023"]
[White "Escudero Donoso, Felipe"]
[Black "Al Mutairi, Hassan S"]
[WhiteFideId "3410595"]
[BlackFideId "21500193"]
[WhiteElo "2411"]
[BlackElo "1709"]
[Result "1-0"]
[Round "2"]
[TimeControl "180+1"]
[Date "2023.08.08"]
[WhiteClock "0:00:03"]
[BlackClock "0:01:25"]
[Board "282"]

1. d4 Nf6 2. Bg5 e6 3. Nd2 h6 4. Bh4 Be7 5. e3 Nc6 6. c3 d5 7. Bd3 Bd7 8. f4 O-O 9. Ngf3 Ne8 10. Bxe7 Qxe7 11. O-O Nd6 12. Ne5 Be8 13. Qg4 f5 14. Qg3 Ne4 15. Bxe4 fxe4 16. a3 Nxe5 17. fxe5 Bh5 18. Rae1 Rxf1+ 19. Nxf1 Rf8 20. h3 c5 21. Nh2 cxd4 22. exd4 Be8 23. Ng4 Kh8 24. Ne3 Bb5 25. Kh2 Bd3 26. Qg4 Qf7 27. Rc1 b5 28. Nc2 Qf4+ 29. Qxf4 Rxf4 30. Nb4 Bc4 31. Kg3 Rf1 32. Rxf1 Bxf1 33. Kf2 Bc4 34. Nc6 a6 35. Nd8 Kg8 36. Nxe6 Kf7 37. Nc7 a5 38. Na6 b4 39. Nc5 bxc3 40. bxc3 Bb5 41. g3 a4 42. Ke3 Kg6 43. Kf4 h5 44. g4 hxg4 45. hxg4 Kf7 46. g5 g6 47. e6+ Ke8 48. Ke3 Ke7 49. Kf4 Ke8 50. Kg3 Ke7 51. Kf2 Be8 52. Ke3 Bb5 53. Kd2 Kd6 54. Ke3 Be8 55. c4 Bb5 56. cxb5 Kc7 57. Nxe4 dxe4 58. Kxe4 Kd6 59. d5 Kc7 60. Ke5 Kd8 61. d6 Ke8 62. Kf6 Kd8 63. Kf7 Kc8 64. e7 Kb7 65. e8=Q Kb6 66. Qc6+ Ka5 67. Qc3+ Kxb5 68. d7 Kb6 69. d8=Q+ Kb5 70. Qb8+ Ka6 71. Qc6+ Ka5 72. Qcb5# 1-0


[Site "https://www.chess.com"]

[Event "Titled Tuesday Blitz August 08 Early 2023"]
[White "Nikologorsky, Matfei"]
[Black "Yuruultei Batbaatar"]
[WhiteFideId "24102474"]
[BlackFideId "4905962"]
[WhiteElo "2408"]
[BlackElo "1432"]
[Result "0-1"]
[Round "2"]
[TimeControl "180+1"]
[Date "2023.08.08"]
[WhiteClock "0:00:56"]
[BlackClock "0:00:52"]
[Board "283"]

1. e4 c5 2. Nf3 e6 3. d4 cxd4 4. Nxd4 Nc6 5. Nc3 a6 6. Be2 Qc7 7. O-O Nf6 8. Be3 Be7 9. f4 d6 10. Qe1 O-O 11. Qg3 Nxd4 12. Bxd4 b5 13. a3 Bb7 14. Bf3 d5 15. exd5 Bc5 16. Bxc5 Qxc5+ 17. Qf2 Qxf2+ 18. Kxf2 Nxd5 19. Nxd5 Bxd5 20. Bxd5 exd5 21. Rad1 Rfd8 22. Rfe1 Rac8 23. c3 Rc4 24. Kf3 g6 25. Re2 a5 26. Red2 b4 27. Rd4 Rxd4 28. Rxd4 bxc3 29. bxc3 Rc8 30. Rd3 Rc4 31. Ke3 Re4+ 32. Kf3 Ra4 33. Rxd5 Rxa3 34. Rc5 Ra1 35. g3 a4 36. Ra5 a3 37. Kg4 a2 38. c4 Kg7 39. c5 h5+ 40. Kh3 Rc1 41. Rxa2 Rxc5 42. Ra6 Rb5 43. Rc6 Ra5 44. Kh4 Rb5 45. g4 hxg4 46. Kxg4 Rh5 47. h4 Rb5 48. Ra6 Rc5 49. Ra7 Rb5 50. Re7 Kf6 51. Ra7 Kg7 52. Ra2 Rb3 53. Ra5 f5+ 54. Rxf5 gxf5+ 55. Kxf5 Rb5+ 56. Kg4 Kg6 0-1


[Site "https://www.chess.com"]

[Event "Titled Tuesday Blitz August 08 Early 2023"]
[White "Srihari L R"]
[Black "Carlsen, Magnus"]
[WhiteFideId "46617116"]
[BlackFideId "1503014"]
[WhiteElo "2775"]
[BlackElo "3254"]
[Result "0-1"]
[Round "3"]
[TimeControl "180+1"]
[Date "2023.08.08"]
[WhiteClock "0:00:02"]
[BlackClock "0:01:54"]
[Board "1"]

1. d4 c5 2. d5 f5 3. c4 Nf6 4. Nf3 e5 5. Nxe5 d6 6. Nf3 g6 7. b3 Bg7 8. Bb2 O-O 9. e3 Ne4 10. Bxg7 Kxg7 11. Nbd2 Nd7 12. Bd3 Qe7 13. O-O Ndf6 14. Qc2 Bd7 15. Rfe1 Rae8 16. Nf1 Ng4 17. Re2 Qf6 18. Rc1 g5 19. h3 Nh6 20. Bxe4 fxe4 21. N3d2 Qg6 22. Ng3 Bf5 23. b4 b6 24. bxc5 bxc5 25. Rb1 Re7 26. Rb3 Kg8 27. Qb2 Nf7 28. f3 exf3 29. Nxf3 Bd3 30. Re1 Bxc4 31. Rb7 Rxb7 32. Qxb7 g4 33. Nh4 Qg5 34. Nhf5 gxh3 35. e4 Ne5 36. Kh2 hxg2 37. Kxg2 Rxf5 38. exf5 Qd2+ 39. Kh3 Qxe1 40. Qc8+ Kg7 41. Nh5+ Kh6 42. Ng3 Bf1+ 43. Kh4 Qb4+ 44. Ne4 Qxe4+ 45. Kg3 0-1


[Site "https://www.chess.com"]

[Event "Titled Tuesday Blitz August 08 Early 2023"]
[White "Gan-Od, Sereenen"]
[Black "Firouzja, Alireza"]
[WhiteFideId "4901304"]
[BlackFideId "12573981"]
[WhiteElo "2772"]
[BlackElo "3096"]
[Result "1/2-1/2"]
[Round "3"]
[TimeControl "180+1"]
[Date "2023.08.08"]
[WhiteClock "0:00:11"]
[BlackClock "0:00:11"]
[Board "2"]

1. d4 Nf6 2. c4 g6 3. Nc3 Bg7 4. e4 d6 5. Nf3 O-O 6. Be2 Na6 7. O-O e5 8. Be3 Qe7 9. Qc2 c6 10. d5 Ng4 11. Bg5 f6 12. Bh4 Nh6 13. Ne1 g5 14. Bg3 f5 15. f3 f4 16. Bf2 Nf7 17. Nd3 c5 18. Rab1 h5 19. b4 b6 20. Qa4 g4 21. bxc5 Nxc5 22. Nxc5 bxc5 23. Qc6 gxf3 24. Bxf3 Bg4 25. Rb7 Qg5 26. Kh1 Qg6 27. Nb5 Bf6 28. Nxd6 Nd8 29. Qxc5 Nxb7 30. Nxb7 h4 31. h3 Bxf3 32. gxf3 Kh8 33. Rg1 Qh7 34. Nd6 Rg8 35. Rg4 Qd7 36. Nf5 Rab8 37. Bxh4 Rb1+ 38. Kh2 Rb2+ 39. Kh1 Qd8 40. Rxg8+ Kxg8 41. Qg1+ Kh7 42. Qg4 Rb1+ 43. Kh2 Rb2+ 44. Kh1 Rb1+ 45. Kg2 Rb2+ 46. Kh1 1/2-1/2


[Site "https://www.chess.com"]

[Event "Titled Tuesday Blitz August 08 Early 2023"]
[White "Caruana, Fabiano"]
[Black "Tanenbaum, Zachary"]
[WhiteFideId "2020009"]
[BlackFideId "2060850"]
[WhiteElo "3090"]
[BlackElo "2758"]
[Result "1-0"]
[Round "3"]
[TimeControl "180+1"]
[Date "2023.08.08"]
[WhiteClock "0:00:46"]
[BlackClock "0:00:04"]
[Board "3"]

1. d4 d5 2. Bf4 Nf6 3. e3 c5 4. Nf3 Nc6 5. Nbd2 cxd4 6. exd4 Bf5 7. c3 e6 8. Be2 Bd6 9. Bxd6 Qxd6 10. Nh4 Be4 11. O-O O-O 12. g3 a6 13. a4 Rab8 14. a5 Rbc8 15. Nb3 Nd7 16. Re1 h6 17. Bf1 Ne7 18. Ng2 Qc7 19. Nf4 Ng6 20. Nxg6 Bxg6 21. Ra4 Rb8 22. Rb4 Rfc8 23. Qd2 Nf6 24. f3 Nd7 25. Ra1 Bf5 26. Kg2 Qd6 27. Qe1 Rc7 28. g4 Bg6 29. Qg3 Qxg3+ 30. Kxg3 f6 31. h4 h5 32. g5 Kf7 33. Re1 Re8 34. f4 Nb8 35. Nc5 Ree7 36. Rb6 Nc6 37. b4 Na7 38. Re3 Bf5 39. Rd6 Nc6 40. Nxb7 Nxd4 41. Nd8+ Ke8 42. cxd4 Red7 43. Nxe6 Rxd6 44. Nxc7+ Kd7 45. Nxa6 1-0


[Site "https://www.chess.com"]

[Event "Titled Tuesday Blitz August 08 Early 2023"]
[White "Trost, Edvin"]
[Black "Fedoseev, Vladimir"]
[WhiteFideId "1729519"]
[BlackFideId "24130737"]
[WhiteElo "2749"]
[BlackElo "3084"]
[Result "0-1"]
[Round "3"]
[TimeControl "180+1"]
[Date "2023.08.08"]
[WhiteClock "0:00:00"]
[BlackClock "0:00:18"]
[Board "4"]

1. c4 e5 2. g3 g6 3. Bg2 Bg7 4. d3 a5 5. Nc3 d6 6. e3 Nc6 7. a3 Nge7 8. h4 Be6 9. h5 f5 10. Nf3 Qd7 11. Rb1 e4 12. Ng5 Bxc3+ 13. bxc3 Ne5 14. O-O Nxd3 15. Nxe6 Qxe6 16. Rxb7 Qxc4 17. Bd2 Nd5 18. f3 Nc5 19. Rb1 O-O 20. Rf2 Rab8 21. Bf1 Nd3 22. fxe4 Qxe4 23. Bg2 Qe5 24. Rf3 Nxc3 25. Bxc3 Qxc3 26. hxg6 hxg6 27. Bf1 Ne5 28. Rf2 Qxe3 29. Rxb8 Rxb8 30. Kg2 Qe4+ 31. Kg1 Rb1 32. Qe2 Kg7 33. Qa2 d5 34. Qc2 Nf3+ 35. Kg2 Ne1+ 0-1


[Site "https://www.chess.com"]

[Event "Titled Tuesday Blitz August 08 Early 2023"]
[White "Erigaisi Arjun"]
[Black "Lorparizangeneh, Shahin"]
[WhiteFideId "35009192"]
[BlackFideId "12521604"]
[WhiteElo "3077"]
[BlackElo "2748"]
[Result "1-0"]
[Round "3"]
[TimeControl "180+1"]
[Date "2023.08.08"]
[WhiteClock "0:02:02"]
[BlackClock "0:00:14"]
[Board "5"]

1. c4 e5 2. b3 Nf6 3. Bb2 Nc6 4. g3 Bc5 5. Bg2 d6 6. a3 a5 7. e3 O-O 8. Nc3 Re8 9. d3 Bg4 10. Nge2 Qd7 11. h3 Bf5 12. g4 Bg6 13. Ng3 Nd8 14. h4 h6 15. g5 hxg5 16. hxg5 Nh7 17. Nce4 Ne6 18. Qg4 Rad8 19. O-O-O Nexg5 20. Qh4 Qe7 21. Nc3 c6 22. Rh2 d5 23. cxd5 Bxa3 24. dxc6 Qc5 25. Qc4 Bxb2+ 26. Kxb2 Qxc4 27. bxc4 bxc6 28. Bxc6 Re6 29. Nd5 Kf8 30. Bb5 Nf3 31. Rhh1 Red6 32. Ne4 Bxe4 33. dxe4 Kg8 34. c5 1-0


[Site "https://www.chess.com"]

[Event "Titled Tuesday Blitz August 08 Early 2023"]
[White "Pranesh M"]
[Black "Prohaszka, Peter"]
[WhiteFideId "35028600"]
[BlackFideId "726265"]
[WhiteElo "3045"]
[BlackElo "2740"]
[Result "1-0"]
[Round "3"]
[TimeControl "180+1"]
[Date "2023.08.08"]
[WhiteClock "0:01:33"]
[BlackClock "0:00:00"]
[Board "6"]

1. e4 c6 2. d4 d5 3. e5 Bf5 4. Nc3 e6 5. g4 Bg6 6. Nge2 c5 7. h4 h5 8. Nf4 Bh7 9. g5 cxd4 10. Nb5 Be4 11. f3 Bf5 12. Nxd4 Ne7 13. Nxf5 Nxf5 14. Bd3 g6 15. Bxf5 gxf5 16. Be3 Nc6 17. Nd3 d4 18. Bf2 Qd5 19. Qe2 Bg7 20. Bg3 Ne7 21. O-O Ng6 22. f4 Bf8 23. Rad1 Rc8 24. Ne1 Bc5 25. Kh2 Qxa2 26. Qb5+ Kf8 27. Qxb7 Kg7 28. Nd3 Bb6 29. Qg2 Rc4 30. Ra1 Qxa1 31. Rxa1 Rhc8 32. Ne1 Ne7 33. Qf3 Kg6 34. Bf2 Nd5 35. Kh1 d3 36. Nxd3 Bxf2 37. Qxf2 Rxc2 38. Qe1 Rb8 39. Rc1 Rbc8 40. Rxc2 Rxc2 41. Nb4 1-0


[Site "https://www.chess.com"]

[Event "Titled Tuesday Blitz August 08 Early 2023"]
[White "Materia, Marco"]
[Black "Lazavik, Denis"]
[WhiteFideId "45150451"]
[BlackFideId "13515110"]
[WhiteElo "2738"]
[BlackElo "3040"]
[Result "0-1"]
[Round "3"]
[TimeControl "180+1"]
[Date "2023.08.08"]
[WhiteClock "0:00:51"]
[BlackClock "0:01:26"]
[Board "7"]

1. d4 Nf6 2. c4 e6 3. Nf3 b6 4. g3 Ba6 5. Qa4 Bb7 6. Bg2 c5 7. dxc5 bxc5 8. O-O Be7 9. Rd1 O-O 10. Nc3 d6 11. Bf4 Qb6 12. Qb5 Rd8 13. Qxb6 axb6 14. Nb5 Ne8 15. a3 Nc6 16. Rd2 Na5 17. Rc2 Be4 18. Rc3 Bf6 19. Re3 Bc6 20. Nd2 Bxg2 21. Kxg2 e5 22. Rb1 exf4 23. gxf4 Kf8 24. b4 Nc6 25. Rd3 Nd4 26. Nxd4 Bxd4 27. e3 Bf6 28. Ne4 Be7 29. Rbd1 Rdc8 30. b5 Ra4 31. Rc1 Rca8 32. Kf3 Rxa3 33. Rd5 Nc7 34. Rh5 h6 35. f5 Ne8 36. Rh3 Rd8 37. Nc3 Nf6 38. Rg3 d5 39. cxd5 Nxd5 40. Ne4 Nf6 41. Nc3 Bd6 42. Rg2 Be5 43. Ne2 Rb3 44. Rcg1 Nd5 45. Rg4 Bf6 46. Ng3 Rb4 47. e4 Rb3+ 48. Kg2 Nc3 49. Nh5 Bd4 50. Kh1 Rb1 51. Rxb1 Nxb1 52. f4 c4 53. e5 c3 54. Rg2 Be3 55. Rxg7 Rd1+ 56. Kg2 Rg1+ 0-1


[Site "https://www.chess.com"]

[Event "Titled Tuesday Blitz August 08 Early 2023"]
[White "Grischuk, Alexander"]
[Black "Fiorito, Joaquin"]
[WhiteFideId "4126025"]
[BlackFideId "180173"]
[WhiteElo "3029"]
[BlackElo "2735"]
[Result "1-0"]
[Round "3"]
[TimeControl "180+1"]
[Date "2023.08.08"]
[WhiteClock "0:01:17"]
[BlackClock "0:00:05"]
[Board "8"]

1. Nf3 d5 2. g3 Nf6 3. Bg2 c6 4. O-O Bg4 5. h3 Bh5 6. c4 e6 7. d4 Nbd7 8. cxd5 exd5 9. Ne5 Be7 10. f4 Bg6 11. f5 Bh5 12. Nc3 Bd6 13. Bf4 Qe7 14. Nxd7 Qxd7 15. Qd2 O-O-O 16. Bxd6 Qxd6 17. Qf4 Qxf4 18. Rxf4 g5 19. fxg6 Nd7 20. gxf7 Rhf8 21. Raf1 Nb6 22. e4 dxe4 23. Bxe4 Nc4 24. Bxh7 Nxb2 25. g4 Rh8 26. f8=Q 1-0


[Site "https://www.chess.com"]

[Event "Titled Tuesday Blitz August 08 Early 2023"]
[White "Suyarov, Mukhammadzokhid"]
[Black "Paravyan, David"]
[WhiteFideId "14210495"]
[BlackFideId "4194985"]
[WhiteElo "2724"]
[BlackElo "3027"]
[Result "0-1"]
[Round "3"]
[TimeControl "180+1"]
[Date "2023.08.08"]
[WhiteClock "0:00:10"]
[BlackClock "0:01:11"]
[Board "9"]

1. d4 d5 2. Nc3 Nf6 3. Bf4 c5 4. e4 dxe4 5. dxc5 Qa5 6. Qd2 Nc6 7. O-O-O e5 8. Nb5 exf4 9. Qxa5 Nxa5 10. Nc7+ Ke7 11. Nxa8 g6 12. Nc7 Bh6 13. Kb1 Bf5 14. Ne2 Rc8 15. Nd5+ Nxd5 16. Rxd5 Be6 17. Rd4 f5 18. g3 f3 19. Nf4 Bxf4 20. gxf4 Rxc5 21. h4 Nc6 22. Rd2 h5 23. Rg1 Bf7 24. c3 Nd8 25. a4 Ne6 26. Bb5 Rc7 27. Rgd1 Nxf4 28. Rd7+ Rxd7 29. Rxd7+ Kf6 30. Rxb7 Nh3 31. Kc2 Nxf2 32. Kd2 f4 33. Ke1 e3 34. Rd7 Be8 35. Rd4 Bxb5 36. axb5 Ke5 37. Rd8 Ne4 38. Re8+ Kf5 39. Rf8+ Kg4 40. Kf1 Ng3+ 0-1


[Site "https://www.chess.com"]